 Dungeon Crawl Stone Soup version 0.29.1-12-g30fa7ad0bf (webtiles) character file.

Game seed: 18389344654202484604

637 Thatpatchoflichen the Shooter (level 7, -3/58 HPs)
             Began as a Demigod Hunter on Jan 19, 2023.
             Slain by a steam dragon (9 damage)
             ... on level 4 of the Dungeon.
             The game lasted 00:18:31 (6054 turns).

Thatpatchoflichen the Shooter (Demigod Hunter)      Turns: 6054, Time: 00:18:31

Health: -3/58      AC:  8    Str: 12    XL:     7   Next: 4%
Magic:  9/9        EV: 11    Int: 11    God:
Gold:   213        SH:  0    Dex: 25    Spells: 6/6 levels left

rFire   . . .      SeeInvis +   a - +0 shortbow
rCold   . . .      Faith    .   (shield currently unavailable)
rNeg    . . .      Spirit   .   e - +0 scale mail
rPois   .          Reflect  .   (no helmet)
rElec   .          Harm     .   k - +0 cloak
rCorr   .          Rampage  .   (no gloves)
Will    +....                   (no boots)
Stlth   +.........              (no amulet)
HPRegen 0.19/turn               l - ring of willpower
MPRegen 0.11/turn               o - ring of see invisible

@: no status effects
A: high MP 1, forlorn, divine attributes
a: no special abilities


You were on level 4 of the Dungeon.
You visited 1 branch of the dungeon, and saw 5 of its levels.

You collected 213 gold pieces.

Inventory:

Hand Weapons
 a - a +0 shortbow (weapon)
 g - a +2 dagger of venom
Missiles
 t - a throwing net
Armour
 e - a +0 scale mail (worn)
 k - a +0 cloak (worn)
Jewellery
 l - a ring of willpower (left hand)
 o - a ring of see invisible (right hand)
 x - a +4 ring of slaying
Scrolls
 b - a scroll of immolation
 d - a scroll of magic mapping {unknown}
 h - 3 scrolls of enchant weapon
 n - a scroll of amnesia {unknown}
 p - a scroll of torment {unknown}
 q - a scroll of fog {unknown}
 u - a scroll of brand weapon {unknown}
 v - a scroll of identify
Potions
 c - a potion of attraction {unknown}
 f - a potion of haste
 i - 3 potions of heal wounds {unknown}
 j - 2 potions of resistance
 m - 3 potions of curing
 r - a potion of berserk rage {unknown}
 s - 2 potions of flight {unknown}
 w - 2 potions of cancellation {unknown}


   Skills:
 + Level 3.9 Fighting
 + Level 5.1 Ranged Weapons
 + Level 3.3 Armour
 + Level 3.9 Dodging
 - Level 1.0 Stealth


You had 6 spell levels left.
You didn't know any spells.
Your spell library contained the following spells:

 Spells                   Type           Power      Damage    Failure   Level
 Freeze                   Ice            0%         1d3       86%         1
 Sandblast                Erth           0%         2d4       86%         1
 Passwall                 Tmut/Erth      0%         N/A       95%         2
 Frozen Ramparts          Ice            0%         1d1       99%         3
 Ignite Poison            Fire/Tmut/Pois 0%         N/A       99%         3
 Mephitic Cloud           Conj/Pois/Air  0%         N/A       99%         3
 Stone Arrow              Conj/Erth      0%         3d7       99%         3
 Hailstorm                Conj/Ice       0%         3d3       100%        4
 Freezing Cloud           Conj/Ice/Air   0%         6-21      100%        5


Dungeon Overview and Level Annotations

Branches:
Dungeon (5/15)
 Temple: D:4-7


Innate Abilities, Weirdness & Mutations

You have an increased reservoir of magic. (+10% MP)
You shall have no god before yourself.
Your divine heritage dramatically boosts your attributes as you level up.


Message History

Press: ? - help, Q - select action, (/) - cycle Shift-Dir - straight line, f - you
Okay, then.
Fire: a) +0 shortbow
Press: ? - help, Q - select action, (/) - cycle Shift-Dir - straight line, f/p - steam dragon
Aim: a steam dragon (67% to hit)
You shoot an arrow.
The arrow closely misses the steam dragon.
Fire: a) +0 shortbow
Press: ? - help, Q - select action, (/) - cycle Shift-Dir - straight line, f/p - steam dragon
Aim: a steam dragon (67% to hit)
You shoot an arrow.
The arrow barely misses the steam dragon.
The steam dragon bites you!
The steam dragon claws you but does no damage.
Fire: a) +0 shortbow
Press: ? - help, Q - select action, (/) - cycle Shift-Dir - straight line, f/p - steam dragon
Aim: a steam dragon (steam, 67% to hit)
You shoot an arrow. The arrow hits the steam dragon!
The steam dragon is moderately wounded.
The steam dragon breathes steam at you. The ball of steam misses you.
Fire: a) +0 shortbow
Press: ? - help, Q - select action, (/) - cycle Shift-Dir - straight line, f/p - steam dragon
Aim: a steam dragon (moderately wounded, catching its breath, 67% to hit)
You shoot an arrow.
The arrow hits the steam dragon but does no damage.
The steam dragon is moderately wounded.
You are engulfed in a cloud of scalding steam.
The steam dragon misses you. x2
The steam dragon bites you but does no damage.
The steam dragon claws you.
Fire: a) +0 shortbow
Press: ? - help, Q - select action, (/) - cycle Shift-Dir - straight line, f/p - steam dragon
Aim: a steam dragon (moderately wounded, 67% to hit)
You shoot an arrow. The arrow hits the steam dragon!
The steam dragon is heavily wounded.
You are engulfed in a cloud of scalding steam.
* * * LOW HITPOINT WARNING * * *
The steam dragon bites you!
You die...

########.# #....#..# .#
.........#######......## .# .
#####.....##......#....#..# .
# #........##...#.......## #
#
#.......####....###.....#####
# #...##...#
##...##........... #
#..###...####.......#..)# #..
. #..##
#.#...##....##.##(.####. .
....#
..#...D@..####.##.....##
....# #....###..§#
#.#........ .. #..D###..§.#
#...##.##.. .... #.##..#
#....#.#).. ... ..#
##..##..#.....#. .. ...
##.##..##...##. . ...#
#........._.... #..
#..###.†##...##. .
##.#.....#.


You could see a steam dragon.

Vanquished Creatures
  An ogre (D:4)
  A black bear (D:4)
  A scorpion (D:4)
  Natasha (thrice) (D:3)
  Terence (D:3)
  2 orc wizards
  8 gnolls
  8 adders
  A worm (D:2)
  5 dart slugs
  6 orcs
  4 bats
  6 endoplasms
  4 giant cockroaches
  11 goblins
  9 hobgoblins
  4 jackals (D:3)
  11 kobolds
  4 quokkas
  6 ball pythons
  3 frilled lizards
  6 rats
105 creatures vanquished.

Notes
Turn   | Place    | Note
-------+----------+-------------------------------------------
     0 | D:1      | Thatpatchoflichen the Demigod Hunter began the quest for
                  | the Orb.
     0 | D:1      | Reached XP level 1. HP: 17/17 MP: 3/3
    14 | D:1      | Reached skill level 1 in Stealth
   107 | D:1      | Reached XP level 2. HP: 22/24 MP: 4/4
   408 | D:1      | Reached skill level 1 in Armour
   770 | D:1      | Reached XP level 3. HP: 17/29 MP: 5/5
  1727 | D:1      | Reached skill level 4 in Ranged Weapons
  2070 | D:2      | Reached XP level 4. HP: 35/37 MP: 6/6
  3322 | D:3      | Noticed Terence
  3332 | D:3      | Killed Terence
  3333 | D:3      | Reached XP level 5. HP: 29/44 MP: 7/7
  3603 | D:3      | Noticed Natasha
  3607 | D:3      | Killed Natasha
  3704 | D:4      | Noticed an ogre
  4012 | D:3      | Noticed Natasha
  4030 | D:3      | Killed Natasha
  4401 | D:3      | Noticed Natasha
  4404 | D:3      | Killed Natasha
  4476 | D:5      | Entered Level 5 of the Dungeon
  4476 | D:5      | Noticed a steam dragon
  4832 | D:4      | Reached XP level 6. HP: 30/51 MP: 8/8
  5567 | D:4      | Reached skill level 5 in Ranged Weapons
  5568 | D:4      | Reached XP level 7. HP: 37/58 MP: 9/9
  6046 | D:4      | Noticed a steam dragon
  6054 | D:4      | Slain by a steam dragon

Illustrated notes

Levels and vault maps discovered:
D:1:      minmay_arrival_checkered_box, layout_basic, chequers_garden,
          minmay_pentomino_x4
D:2:      layout_loops_corners
D:3:      cheibrodos_greedy_goblins, layout_rooms, overflow_temple_1_default,
          lemuel_crystal_altar, mainiacjoe_overflow_swirl, serial_aquarium,
          aquarium_bridge_straight [aquarium_subvault_bridge,
          aquarium_subvault_wall, aquarium_subvault_bridge,
          aquarium_subvault_window], aquarium_bridge_long_joined
          [aquarium_subvault_bridge, aquarium_subvault_bridge,
          aquarium_subvault_wall, aquarium_subvault_bridge,
          aquarium_subvault_bridge, aquarium_subvault_window],
          aquarium_window_fake, aquarium_window_corridor_1, aquarium_window_2,
          aquarium_window_fake, aquarium_view_2c, aquarium_view_2b,
          aquarium_pool_2, shapermc_ecumenical_altar_pompeii, uniq_terence,
          uniq_natasha
D:4:      layout_layer_cave, mainiacjoe_overflow_small_starburst,
          minmay_fractal_squares_diagonal_5
D:5:      layout_basic, nicolae_uskayaw_suspiria, eino_tiny_chamber,
          minmay_a_box_with_orc_wizards_in_it

Skill      XL: |  1  2  3  4  5  6 |
---------------+-------------------+-----
Stealth        | 1 |  1.0
Dodging        | 2 3 |  3.9
Fighting       | 2 3 |  3.9
Armour         | 1 2 3 |  3.3
Ranged Weapons | 4 5 |  5.1

Action                   |  1- 3 |  4- 6 |  7- 9 || total
-------------------------+-------+-------+-------++-------
 Fire: Shortbow          |   146 |   198 |    25 ||   369
  Use: Potion            |     1 |       |       ||     1
       Scroll            |       |     3 |       ||     3
Armor: Scale mail        |    58 |    98 |     6 ||   162
Dodge: Dodged            |    68 |   136 |     9 ||   213
